 Dungeon Crawl Stone Soup version 0.28-a0-1613-gdaab1c2f9b (webtiles) character file.

Game seed: 16041215829499867237

19 murtidash the Sneak (level 2, -2/15 HPs)
             Began as a Vine Stalker Brigand on Jan 21, 2022.
             Slain by a jackal (3 damage)
             ... on level 1 of the Dungeon.
             The game lasted 00:00:34 (443 turns).

murtidash the Sneak (Vine Stalker Brigand)           Turns: 443, Time: 00:00:34

Health: -2/15      AC:  3    Str: 13    XL:     2   Next: 75%
Magic:  0/3        EV: 11    Int: 11    God:
Gold:   0          SH:  0    Dex: 15    Spells: 1/1 levels left

rFire   . . .      SeeInvis .   a - +2 dagger
rCold   . . .      Faith    .   (no shield)
rNeg    . . .      Spirit   +   b - +0 robe
rPois   .          Reflect  .   (no helmet)
rElec   .          Harm     .   c - +0 cloak
rCorr   .          Rampage  .   (no gloves)
Will    .....                   (no boots)
Stlth   +++.......              (no amulet)
HPRegen 0.05/turn               (no ring)
MPRegen 0.08/turn               (no ring)

@: no status effects
A: fangs 2, magic shield, antimagic bite, no potion heal 2
a: no special abilities


You were on level 1 of the Dungeon.
You visited 1 branch of the dungeon, and saw 1 of its levels.

Inventory:

Hand Weapons
 a - a +2 dagger (weapon)
Missiles
 d - 8 poisoned darts
 e - 2 curare-tipped darts
Armour
 b - a +0 robe (worn)
 c - a +0 cloak (worn)
Scrolls
 f - a scroll of noise {unknown}
 g - a scroll of torment {unknown}


   Skills:
 + Level 2.2 Fighting
 + Level 2.2 Short Blades
 - Level 1.7 Throwing
 - Level 0.7 Dodging
 + Level 5.2 Stealth


You had one spell level left.
You didn't know any spells.
Your spell library was empty.

Dungeon Overview and Level Annotations

Branches:
Dungeon (1/15)

Altars:

Annotations:
D:1 exclusion: great orb of eyes


Innate Abilities, Weirdness & Mutations

You have extremely sharp teeth.
When hurt, damage is shared between your health and your magic reserves.
Your bite disrupts and absorbs the magic of your enemies.
Potions cannot restore your health.


Message History

A bat and a rat come into view.
The floating eye turns its gaze towards you.
The helpless bat fails to defend itself.
You impale the bat!!
You kill the bat!
The bat closely misses you. The bat hits you but does no damage.
You hit the bat. Your bite misses the bat. The bat hits you but does no damage.
The bat barely misses you.
You closely miss the bat. You bite the bat. You drain its power.
The bat hits you but does no damage.
You closely miss the bat. The bat hits you but does no damage. x2
You hit the bat.
You kill the bat!
The rat barely misses you.
You barely miss the rat. You bite the rat.
You kill the rat!
No reachable target in view!
No reachable target in view!
No reachable target in view!
No reachable target in view!
No reachable target in view!
No reachable target in view!
No reachable target in view!
No reachable target in view!
No reachable target in view!
No reachable target in view!
No reachable target in view!
No reachable target in view!
No reachable target in view!
No reachable target in view!
You're in a travel-excluded area, stopping explore.
You see here a bat corpse.
The great orb of eyes turns its gaze towards you.
You see here a bat corpse.
g - a scroll labelled JEMOTEOMED
Things that are here:
a +0 whip; 5 stones 2 jackals come into view.
The jackal barks!
A jackal comes into view. x2
A quokka comes into view.
A goblin comes into view. It is wielding a +0 club.
You closely miss the jackal.
The goblin shouts!
You bite the jackal. You drain its power.
The jackal bites you but does no damage.
You closely miss the jackal. The jackal closely misses you. x2
The jackal barely misses you. The jackal bites you.
You take 2 damage, and have 13/15 hp.
You barely miss the jackal. The jackal closely misses you.
You closely miss the jackal. The jackal closely misses you.
The jackal barely misses you. The jackal misses you.
The jackal bites you but does no damage.
You barely miss the jackal.
The jackal bites you but does no damage.
The jackal bites you. The jackal closely misses you. The jackal bites you.
The jackal misses you.
You take 2 damage, and have 11/15 hp.
You closely miss the jackal. You bite the jackal.
You kill the jackal!
The jackal closely misses you. The jackal barely misses you.
The quokka misses you. The jackal bites you. x2
You take 2 damage, and have 9/15 hp.
You are too injured to fight recklessly!
You are too injured to fight recklessly!
You are too injured to fight recklessly!
You are too injured to fight recklessly!
You are too injured to fight recklessly!
You are too injured to fight recklessly!
You are too injured to fight recklessly!
You are too injured to fight recklessly!
You are too injured to fight recklessly!
You are too injured to fight recklessly!
You are too injured to fight recklessly!
You are too injured to fight recklessly!
You are too injured to fight recklessly!
You are too injured to fight recklessly!
You are too injured to fight recklessly!
You are too injured to fight recklessly!
You are too injured to fight recklessly!
You are too injured to fight recklessly!
You are too injured to fight recklessly!
You hit the quokka. Your bite misses the quokka. The jackal bites you.
The quokka bites you but does no damage.
The jackal bites you. x2
You take 3 damage, and have 6/15 hp.
You hit the quokka but do no damage. The jackal barely misses you.
The quokka bites you but does no damage.
The jackal bites you but does no damage. x2
The jackal bites you.
* * * LOW HITPOINT WARNING * * *
You take 2 damage, and have 4/15 hp.
You now have 2/3 mp.
You hit the quokka. Your bite misses the quokka.
The jackal bites you but does no damage.
The quokka barely misses you. The jackal bites you.
* * * LOW HITPOINT WARNING * * *
The jackal bites you.
* * * LOW HITPOINT WARNING * * *
The jackal bites you.
You die...

#.## #.# ###..####.#
..........# .
####.###..############.#
#......#..##............
#.###..#..##............
#.# #..#..##............
♣.# ##.#........rh......
♣.# #..........@hg.≈≈≈.
♣.# #....#.....†h..≈.≈#
#.# #†...#.........≈PP.
#.####....#..........♣..
#.....##..#.#.###.....#.
#.........#.#.# .....#
....#.###>..#.# .....#
#.....# ###†#.# ......
##..### #...#. ..#


You could see a quokka, 3 jackals and a goblin.

Vanquished Creatures
  A dart slug (D:1)
  A ball python (D:1)
  A giant cockroach (D:1)
  A hobgoblin (D:1)
  3 jackals (D:1)
  2 kobolds (D:1)
  A quokka (D:1)
  3 bats (D:1)
  A frilled lizard (D:1)
  A rat (D:1)
15 creatures vanquished.

Notes
Turn   | Place    | Note
-------+----------+-------------------------------------------
     0 | D:1      | murtidash the Vine Stalker Brigand began the quest for the
                  | Orb.
     0 | D:1      | Reached XP level 1. HP: 11/11 MP: 2/2
   126 | D:1      | Reached skill level 2 in Fighting
   126 | D:1      | Reached skill level 5 in Stealth
   130 | D:1      | Reached skill level 2 in Short Blades
   130 | D:1      | Reached XP level 2. HP: 12/15 MP: 1/3
   314 | D:1      | Found a faded altar of an unknown god.
   315 | D:1      | Noticed a floating eye
   323 | D:1      | Noticed a great orb of eyes
   332 | D:1      | Noticed a great orb of eyes
   443 | D:1      | HP: 3/15 [jackal (1)]
   443 | D:1      | HP: 1/15 [jackal (2)]
   443 | D:1      | Slain by a jackal

Illustrated notes

Levels and vault maps discovered:
D:1:      saegor_arrival_under_anarchy, layout_basic,
          hellmonk_ecumenical_altar_watching_god, serial_bayou_pond_e

Skill      XL: |  1 |
---------------+----+-----
Fighting       | 2 |  2.2
Stealth        | 5 |  5.2
Short Blades   | 2 |  2.2
Throwing       | |  1.7
Dodging        | |  0.7

Action                   || total
-------------------------++-------
Melee: Dagger            ||    46
       Bite              ||    15
 Stab: Sleeping          ||     2
Armor: Robe              ||    22
Dodge: Dodged            ||    44

Table legend: (Time is in decaauts)
 A = Elapsed time spent in this place.
 B = Non-inter-level travel time spent in this place.
 C = Inter-level travel time spent in this place.
 D = Time resting spent in this place.
 E = Time spent auto-exploring this place.
 F = Levels seen in this place.
 G = Mean time per level.
                   A        B        C        D        E       F      G
               +--------+--------+--------+--------+--------+-----+--------+
         Total |    438 |    438 |      0 |      0 |    350 |   1 |  438.0 |
       Dungeon |    438 |    438 |      0 |      0 |    350 |   1 |  438.0 |
               +--------+--------+--------+--------+--------+-----+--------+

Top non-repeatable levels by time:
     D:1: 438 daAuts

Table legend:
 A = Kills in this place as a percentage of kills in entire the game.
 B = Kills by you in this place as a percentage of kills by you in the entire game.
 C = Kills by friends in this place as a percentage of kills by friends in the entire game.
 D = Other kills in this place as a percentage of other kills in the entire game.
 E = Experience gained in this place as a percentage of experience gained in the entire game.
 F = Experience gained in this place divided by the number of levels of this place that you have seen.
                   A       B       C       D       E      F
               +-------+-------+-------+-------+-------+----------------------
         Total | 100.0 | 100.0 |   N/A |   N/A | 100.0 |  28.0
       Dungeon | 100.0 | 100.0 |   N/A |   N/A | 100.0 |  28.0
               +-------+-------+-------+-------+-------+----------------------
